 Dungeon Crawl Stone Soup version 0.30-b1-2-g02819fbbbe (webtiles) character file.

Game seed: 7424742577312821862

403 sanka the Firebug (level 6, -2/28 HPs)
             Began as a Vine Stalker Fire Elementalist on May 8, 2023.
             Was a Believer of Ru.
             Succumbed to a gnoll's poison
             ... on level 4 of the Dungeon.
             The game lasted 00:06:34 (4634 turns).

sanka the Firebug (Vine Stalker Fire Elementalist)  Turns: 4634, Time: 00:06:35

Health: -2/28      AC:  3    Str: 10    XL:     6   Next: 86%
Magic:  1/14       EV: 12    Int: 17    God:    Ru [**....]
Gold:   203        SH:  0    Dex: 15    Spells: 6/14 levels left

rFire   + . .        m - +1 dagger (elec)
rCold   x . .        (no shield)
rNeg    . . .        a - +0 robe
rPois   .            (no helmet)
rElec   .            (no cloak)
rCorr   .            u - +0 pair of gloves
SInv    +            (no boots)
Will    .....        k - amulet of the acrobat
Stlth   ++           f - ring of fire
HPRegen 1.04/turn    n - ring of see invisible
MPRegen 0.14/turn

%: acrobat, guardian spirit
@: lethally poisoned (-2 -> -22)
A: fangs 2, regeneration 1, magic shield, antimagic bite, no potion heal 2,
inability to use devices
a: Renounce Religion


You were on level 4 of the Dungeon.
You worshipped Ru.
Ru was pleased with you.
You visited 1 branch of the dungeon, and saw 5 of its levels.

You collected 203 gold pieces.

Inventory:

Hand Weapons
 m - a +1 dagger of electrocution (weapon)
Armour
 a - a +0 robe (worn)
 u - a +0 pair of gloves (worn)
Magical Staves
 j - a staff of earth
Jewellery
 f - a ring of fire (left hand)
 k - an amulet of the acrobat (around neck)
 n - a ring of see invisible (right hand)
Scrolls
 c - 4 scrolls of vulnerability {unknown}
 e - a scroll of amnesia {unknown}
 i - 2 scrolls of enchant armour {unknown}
 l - a scroll of fear {unknown}
 q - 4 scrolls of identify {unknown}
 r - a scroll of enchant weapon {unknown}
Potions
 b - a potion of magic
 d - a potion of haste {unknown}
 g - 2 potions of curing {unknown}
 h - 4 potions of lignification {unknown}
 o - a potion of invisibility {unknown}
 p - a potion of brilliance {unknown}
 s - 2 potions of heal wounds {unknown}
 t - a potion of mutation {unknown}


   Skills:
 - Level 1.5 Dodging
 - Level 2.4 Stealth
 + Level 4.6 Spellcasting
 - Level 1.0 Conjurations
 + Level 3.3 Transmutations
 - Level 5.0 Fire Magic


You had 6 spell levels left.
You knew the following spells:

 Your Spells              Type           Power      Damage    Failure   Level
a - Foxfire               Conj/Fire      84%        2x1d8     4%          1
b - Scorch                Fire           62%        2d8       2%          2
c - Blade Hands           Tmut           7%         N/A       71%         5

Your spell library contained the following spells:

 Spells                   Type           Power      Damage    Failure   Level
 Inner Flame              Hex/Fire       18%        N/A       16%         3
 Volatile Blastmotes      Fire/Tloc      36%        2d13      16%         3
 Poisonous Vapours        Pois/Air       6%         N/A       22%         2
 Dazzling Flash           Conj/Hex       10%        N/A       34%         3
 Mephitic Cloud           Conj/Pois/Air  5%         N/A       36%         3
 Flame Wave               Conj/Fire      21%        2d8       38%         4
 Portal Projectile        Hex/Tloc       6%         N/A       41%         3
 Tukima's Dance           Hex            3%         N/A       41%         3
 Freezing Cloud           Conj/Ice/Air   2%         6-21      98%         5
 Agony                    Necr           3%         N/A       99%         5
 Silence                  Hex/Air        1%         N/A       99%         5


Dungeon Overview and Level Annotations

Branches:
Dungeon (5/15)             Temple (0/1) D:4

Altars:
Fedhas
Ru
Xom


Innate Abilities, Weirdness & Mutations

You have extremely sharp teeth.
Your natural rate of healing is unusually fast.
When hurt, damage is shared between your health and your magic reserves.
Your bite disrupts and absorbs the magic of your enemies.
Potions cannot restore your health.
You cannot study or use magical devices.


Message History

You feel sick.
Unknown command.
You start resting.
You feel sick. x7
You are no longer poisoned.
Unknown command.
Unknown command.
You start resting.
HP restored.
You start resting.
Magic restored.
You climb downwards.
The gnoll hits you with a +1 spear of venom.
You are poisoned.
The gnoll hits you with a +1 spear of venom.
You are more poisoned.
There is a stone staircase leading up, spattered with blood here.
Unknown command.
You feel very sick.
The gnoll hits you from afar with a +0 spear.
The gnoll hits you with a +1 spear of venom.
You are lethally poisoned!
You climb upwards.
You feel extremely sick.
There is a stone staircase leading down here.
Casting: Scorch (safe; 2% risk of failure)
Confirm with . or Enter, or press ? or * to list all spells.
You feel a surge of power!
Flames lash the gnoll.
The gnoll is severely wounded.
The gnoll's fire resistance burns away.
* * * LOW HITPOINT WARNING * * *
You feel very sick.
The gnoll hits you with a +1 spear of venom!
* * * LOW HITPOINT WARNING * * *
You are more poisoned.
Unknown command.
Casting: Scorch (safe; 2% risk of failure)
Confirm with . or Enter, or press ? or * to list all spells.
You feel a surge of power!
Flames lash the gnoll.
The gnoll is burned terribly!
You kill the gnoll!
You die...

....##....# #.....##......#..
..........# #.....#.......#..
.........########.....#.......#..
.........#............#.......#..
######...#............#.##....#..
.....#...'.......######.##....#..
.....#...#.......#....).#.....#..
.....#...#.....).#......#.....#..
.....#...#.....)@'......#.....'..
......#.##.......##############..
#####.._..##+#...................
###.#....#...................
#......#...................
#......#...................
#......#...................
#......#...................
#......+...................


There were no monsters in sight!

Vanquished Creatures
  An ogre (D:4)
  A scorpion (D:4)
  A hound (D:5)
  An iguana (D:5)
  An orc wizard (D:4)
  2 gnolls (D:4)
  6 adders
  A white imp (D:5)
  An ufetubus (D:5)
  A worm (D:3)
  A dart slug (D:2)
  3 orcs
  An endoplasm (D:3)
  2 giant cockroaches
  4 goblins
  2 hobgoblins
  7 jackals
  7 quokkas
  10 ball pythons
  5 bats
  6 frilled lizards
  6 kobolds
  2 rats
72 creatures vanquished.

Vanquished Creatures (others)
  A hound (D:4)
  A kobold (D:3)
  31 foxfires (D:1)
33 creatures vanquished.

Grand Total: 105 creatures vanquished

Notes
Turn   | Place    | Note
-------+----------+-------------------------------------------
     0 | D:1      | sanka the Vine Stalker Fire Elementalist began the quest
                  | for the Orb.
     0 | D:1      | Reached XP level 1. HP: 9/9 MP: 4/4
   245 | D:1      | Reached XP level 2. HP: 7/13 MP: 0/6
   306 | D:1      | Learned a level 2 spell: Scorch
  1279 | D:2      | Found a faded altar of an unknown god.
  1428 | D:2      | Prayed at the altar of an unknown god.
  1428 | D:2      | Became a worshipper of Ru the Awakened
  1439 | D:2      | Gained mutation: You cannot study or use magical devices.
                  | [Ru sacrifice]
  1439 | D:2      | Reached * piety under Ru
  1439 | D:2      | Reached ** piety under Ru
  1479 | D:2      | Reached XP level 3. HP: 16/16 MP: 2/8
  1853 | D:2      | Reached skill level 4 in Fire Magic
  2006 | D:2      | Found a shimmering altar of Xom.
  2638 | D:3      | Gained mutation: Your natural rate of healing is unusually
                  | fast. [Vine Stalker growth]
  2638 | D:3      | Reached XP level 4. HP: 21/21 MP: 9/9
  3299 | D:4      | Noticed a scorpion
  3305 | D:4      | Killed a scorpion
  3306 | D:4      | Reached skill level 5 in Fire Magic
  3306 | D:4      | Reached skill level 1 in Transmutations
  3306 | D:4      | Reached XP level 5. HP: 16/24 MP: 3/11
  3431 | D:4      | Found a staircase to the Ecumenical Temple.
  3443 | D:4      | Noticed an ogre
  3470 | D:4      | Killed an ogre
  3471 | D:4      | Reached XP level 6. HP: 28/28 MP: 3/13
  3552 | D:4      | Found a blossoming altar of Fedhas.
  3559 | D:4      | Learned a level 5 spell: Blade Hands
  4103 | D:5      | Entered Level 5 of the Dungeon
  4634 | D:4      | Succumbed to a gnoll's poison

Illustrated notes

Levels and vault maps discovered:
D:1:      dpeg_arrival_ternary, layout_basic, minmay_misc_feat_diagonals
D:2:      layout_basic, nicolae_ecumenical_snake_handling, basic_altar
D:3:      layout_basic, st_stairs_6
D:4:      layout_gridville, lemuel_crystal_altar, minmay_temple_entry_wispy,
          grunt_ministairs_10
D:5:      layout_loops_ring, kennysheep_okawaru_gauntlet,
          lemuel_zombie_altar_yredelemnul, nemelex_spade_bored_becter,
          minmay_diced_spiral, uniq_blork_the_orc, uniq_crazy_yiuf_cottage

Skill      XL: |  1  2  3  4  5  6 |
---------------+-------------------+-----
Spellcasting   | 3 4 |  4.6
Fire Magic     | 4 5 |  5.0
Transmutations | 1 2 3 |  3.3
Dodging        | |  1.5
Stealth        | |  2.4
Conjurations   | |  1.0

Action                     |  1- 3 |  4- 6 || total
---------------------------+-------+-------++-------
  Melee: Unarmed           |    10 |       ||    10
         Bite              |     1 |    10 ||    11
         Dagger            |    14 |    67 ||    81
         Punch             |       |     1 ||     1
   Cast: Foxfire           |    22 |       ||    22
         Scorch            |    19 |    33 ||    52
 Invoke: Sacrifice Artific |     1 |       ||     1
   Stab: Sleeping          |     2 |     8 ||    10
 Armour: Robe              |    11 |    13 ||    24
  Dodge: Dodged            |    21 |    65 ||    86
